[Event "Titled Tuesday Blitz February 15 Early 2022"]
[White "Carrasco Miranda, Andres"]
[Black "Demin, Vladimir"]
[WhiteFideId "3405990"]
[BlackFideId "4167457"]
[WhiteElo "2177"]
[BlackElo "2475"]
[Result "1/2-1/2"]
[Round "02"]
[TimeControl "180+1"]
[Date "2022.02.15"]
[WhiteClock "0:00:42"]
[BlackClock "0:00:12"]

1. d4 Nf6 2. c4 e5 3. dxe5 Ng4 4. Nf3 Bc5 5. e3 Nc6 6. Nc3 O-O 7. Be2 Ngxe5 8. Nxe5 Nxe5 9. O-O Re8 10. f4 Nc6 11. f5 Bxe3+ 12. Bxe3 Rxe3 13. f6 g6 14. Qd2 Re5 15. Nd5 Rxd5 16. cxd5 Ne5 17. d6 b6 18. dxc7 Qf8 19. Bf3 Nxf3+ 20. Rxf3 Bb7 21. Rc3 Bc6 22. Re1 Rc8 23. Rxc6 dxc6 24. Re7 h6 25. Qd7 h5 26. Rxf7 Qc5+ 27. Kf1 Qc4+ 28. Kf2 Qf4+ 29. Ke2 Qe4+ 30. Kd2 Qxg2+ 31. Kc1 Qf1+ 32. Kc2 Qc4+ 33. Kd1 Qf1+ 34. Kc2 Qc4+ 35. Kd1 Qf1+ 36. Kc2 1/2-1/2


[Site "https://www.chess.com"]

[Event "Titled Tuesday Blitz February 15 Early 2022"]
[White "Ceres, Dragos"]
[Black "Hakobyan, Aram"]
[WhiteFideId "13905864"]
[BlackFideId "13306677"]
[WhiteElo "2072"]
[BlackElo "2557"]
[Result "0-1"]
[Round "02"]
[TimeControl "180+1"]
[Date "2022.02.15"]
[WhiteClock "0:00:02"]
[BlackClock "0:00:29"]

1. e4 e5 2. Nf3 Nc6 3. Bc4 Nf6 4. d3 Be7 5. O-O d6 6. a4 O-O 7. h3 h6 8. c3 Kh8 9. Nbd2 Nh7 10. d4 Bf6 11. d5 Ne7 12. Re1 g6 13. a5 Bg7 14. a6 b6 15. Bb5 f5 16. c4 f4 17. b4 g5 18. c5 h5 19. Nc4 Ng6 20. Bc6 Rb8 21. Nh2 g4 22. cxd6 cxd6 23. hxg4 hxg4 24. b5 g3 25. Nf3 Bg4 26. Ba3 Rf6 27. Qd3 Bf8 28. Bb2 Qe7 29. Rf1 Qg7 30. Nfxe5 dxe5 31. Nxe5 Nxe5 32. Bxe5 Qh6 33. fxg3 Bc5+ 34. Bd4 fxg3 35. Qxg3 Bxd4+ 0-1


[Site "https://www.chess.com"]

[Event "Titled Tuesday Blitz February 15 Early 2022"]
[White "Chernomordik, Pavel"]
[Black "Blokhin, Sofia"]
[WhiteFideId "2804530"]
[BlackFideId "4508190"]
[WhiteElo "2249"]
[BlackElo "1762"]
[Result "1-0"]
[Round "02"]
[TimeControl "180+1"]
[Date "2022.02.15"]
[WhiteClock "0:00:52"]
[BlackClock "0:00:19"]

1. e4 c5 2. Nc3 e6 3. f4 a6 4. g3 g6 5. Bg2 Bg7 6. e5 d5 7. exd6 Qxd6 8. Ne4 Qc7 9. Qe2 Nf6 10. Nf3 Nxe4 11. Qxe4 Nc6 12. c3 O-O 13. d3 f5 14. Qe2 e5 15. O-O exf4 16. Bxf4 Qb6 17. Ng5 Kh8 18. Bd5 h6 19. Nf7+ Kh7 20. Bd6 c4+ 21. d4 Rxf7 22. Bxf7 Nxd4 23. cxd4 Bxd4+ 24. Kh1 Qxd6 25. Qxc4 Bd7 26. Bd5 Bc5 27. Bg2 Rc8 28. Qf7+ Kh8 29. Rad1 Bd4 30. Rfe1 Bc6 31. Re7 Bxg2+ 32. Kxg2 Qc6+ 33. Kh3 1-0


[Site "https://www.chess.com"]

[Event "Titled Tuesday Blitz February 15 Early 2022"]
[White "Chigaev, Maksim"]
[Black "Krysa, Leandro"]
[WhiteFideId "4108116"]
[BlackFideId "116807"]
[WhiteElo "2502"]
[BlackElo "2490"]
[Result "1-0"]
[Round "02"]
[TimeControl "180+1"]
[Date "2022.02.15"]
[WhiteClock "0:00:34"]
[BlackClock "0:00:14"]

1. e4 c5 2. Nf3 Nc6 3. Bb5 g6 4. O-O Bg7 5. Re1 e5 6. Bxc6 dxc6 7. d3 Qc7 8. a4 b6 9. Na3 Ne7 10. Be3 O-O 11. Nc4 Be6 12. Nfd2 f5 13. f3 f4 14. Bf2 g5 15. g4 fxg3 16. hxg3 Ng6 17. Ne3 h5 18. a5 Rad8 19. axb6 axb6 20. b3 Rd7 21. g4 hxg4 22. fxg4 Nf4 23. Nf5 Bxf5 24. gxf5 Bf6 25. Qg4 Rh7 26. Bg3 Kf7 27. Nf3 Rfh8 28. Kf2 c4 29. bxc4 Qe7 30. d4 exd4 31. e5 Qc5 32. Bxf4 gxf4 33. Qg6+ 1-0


[Site "https://www.chess.com"]

[Event "Titled Tuesday Blitz February 15 Early 2022"]
[White "Clawitter, Craig"]
[Black "Korkmaz, Necmettin"]
[WhiteFideId "2023105"]
[BlackFideId "6303285"]
[WhiteElo "2135"]
[BlackElo "2094"]
[Result "0-1"]
[Round "02"]
[TimeControl "180+1"]
[Date "2022.02.15"]
[WhiteClock "0:00:03"]
[BlackClock "0:00:38"]

1. e4 c5 2. Nf3 e6 3. d4 cxd4 4. Nxd4 Nf6 5. Nc3 Nc6 6. Ndb5 Bb4 7. a3 Bxc3+ 8. Nxc3 d5 9. exd5 exd5 10. Bd3 O-O 11. O-O Bg4 12. f3 Qb6+ 13. Kh1 Bh5 14. Rb1 Rfe8 15. Bg5 Ne4 16. Nxd5 Nf2+ 17. Rxf2 Qxf2 18. Nc7 Ne5 19. Be4 f5 20. Bxb7 Rab8 21. Nxe8 Rxe8 22. Bf4 Nxf3 23. Bxf3 Bxf3 24. gxf3 Re2 25. Qd8+ Kf7 26. Qd7+ Kf6 27. Qd6+ Kf7 28. Qd7+ Re7 29. Qd5+ Kf8 30. Rg1 Ke8 31. Qa8+ Kf7 32. Qd5+ Ke8 0-1


[Site "https://www.chess.com"]

[Event "Titled Tuesday Blitz February 15 Early 2022"]
[White "Cori T., Deysi"]
[Black "Faizrakhmanov, Ramil"]
[WhiteFideId "3801934"]
[BlackFideId "24103209"]
[WhiteElo "2350"]
[BlackElo "2502"]
[Result "0-1"]
[Round "02"]
[TimeControl "180+1"]
[Date "2022.02.15"]
[WhiteClock "0:00:02"]
[BlackClock "0:00:05"]

1. d4 Nf6 2. Nf3 g6 3. g3 Bg7 4. Bg2 O-O 5. O-O d6 6. b3 c5 7. Bb2 cxd4 8. Nxd4 a6 9. c4 d5 10. cxd5 Nxd5 11. Nc3 Nf4 12. gxf4 Qxd4 13. Qxd4 Bxd4 14. e3 Bf6 15. Na4 Bxb2 16. Nxb2 Ra7 17. Rac1 b5 18. Nd3 Bg4 19. Ne5 Be6 20. Rfd1 a5 21. Bd5 Bxd5 22. Rxd5 b4 23. Rcc5 a4 24. Ra5 Rxa5 25. Rxa5 axb3 26. axb3 f6 27. Nd3 Nc6 28. Rc5 Rd8 29. Nb2 Nb8 30. Rb5 Na6 31. Nc4 Rd3 32. Rb6 Nc5 33. Rxb4 Nxb3 34. Rb7 Kf8 35. Nb2 Rc3 36. Na4 Rc1+ 37. Kg2 Nd2 38. Nb6 Rc2 39. Nd5 Ne4 40. Rxe7 f5 41. Rxh7 Rxf2+ 42. Kg1 Rd2 43. Ne7 Rd6 44. Nc8 Rd1+ 45. Kg2 Rd2+ 46. Kg1 Kg8 47. Re7 Kf8 48. Rh7 Kg8 49. Re7 Re2 50. Rd7 Kf8 51. Ne7 Ke8 52. Ra7 Nd2 53. Nxg6 Nf3+ 54. Kf1 Rxh2 55. Ne5 Nd2+ 56. Ke1 Ne4 0-1


[Site "https://www.chess.com"]

[Event "Titled Tuesday Blitz February 15 Early 2022"]
[White "Coto Mederos, Michel"]
[Black "Rustemov, Alexander"]
[WhiteFideId "3508528"]
[BlackFideId "4119002"]
[WhiteElo "2427"]
[BlackElo "2794"]
[Result "1-0"]
[Round "02"]
[TimeControl "180+1"]
[Date "2022.02.15"]
[WhiteClock "0:00:04"]
[BlackClock "0:00:01"]

1. c4 e6 2. Nc3 d5 3. d4 Be7 4. Nf3 Nf6 5. cxd5 exd5 6. Bg5 c6 7. e3 Bf5 8. Bd3 Bxd3 9. Qxd3 O-O 10. O-O Nbd7 11. Nd2 Re8 12. Rab1 Ne4 13. Bf4 Nxc3 14. bxc3 b5 15. e4 Nb6 16. Rbe1 Bf8 17. Bg3 dxe4 18. Nxe4 Qd5 19. Re2 Re6 20. Rfe1 Rae8 21. h4 h6 22. Qf3 Nc4 23. h5 a5 24. Bh4 Nd6 25. Ng3 Qxf3 26. gxf3 Rxe2 27. Rxe2 Rxe2 28. Nxe2 g6 29. hxg6 fxg6 30. Bd8 a4 31. f4 Kf7 32. Kg2 Ke6 33. Kf3 Kd5 34. Ng3 Nf5 35. Ne4 b4 36. cxb4 Nxd4+ 37. Ke3 Nf5+ 38. Kd3 Bxb4 39. Bb6 h5 40. Bd8 Bd6 41. Nc3+ Ke6 42. Nxa4 Bxf4 43. Ke4 Bd6 44. Nc3 Bb4 45. Ne2 Nd6+ 46. Kf3 c5 47. Nf4+ Kf5 48. Nh3 Nc4 49. Bc7 Ne5+ 50. Kg2 g5 51. Ng1 g4 52. Ne2 h4 53. Bd6 Nd3 54. Ng1 c4 55. Ne2 Bxd6 56. Nd4+ 1-0


[Site "https://www.chess.com"]

[Event "Titled Tuesday Blitz February 15 Early 2022"]
[White "Cramling Bellon, Anna"]
[Black "Devaev, Alexander"]
[WhiteFideId "32009232"]
[BlackFideId "4169395"]
[WhiteElo "1905"]
[BlackElo "2185"]
[Result "1-0"]
[Round "02"]
[TimeControl "180+1"]
[Date "2022.02.15"]
[WhiteClock "0:00:25"]
[BlackClock "0:00:18"]

1. d4 Nf6 2. c4 e6 3. Nc3 Bb4 4. Qc2 b6 5. e4 Bb7 6. Bd3 c5 7. d5 d6 8. Ne2 Nbd7 9. O-O Bxc3 10. Qxc3 e5 11. f4 exf4 12. Bxf4 Qe7 13. Rae1 Ne5 14. Ng3 Nfd7 15. Nf5 Qf8 16. Qa3 h6 17. Bc2 g6 18. Ne3 Qe7 19. Bxe5 dxe5 20. Ba4 O-O 21. Ng4 Nb8 22. Nxh6+ Kg7 23. Nf5+ gxf5 24. Qg3+ Kh6 25. Rxf5 f6 26. Bd1 Qf7 27. Rh5+ Qxh5 28. Bxh5 Kxh5 29. Re3 Na6 30. Qg7 Bc8 31. Qxf8 Nc7 32. Qh8+ Kg6 33. Rg3+ Kf7 34. Rg7# 1-0


[Site "https://www.chess.com"]

[Event "Titled Tuesday Blitz February 15 Early 2022"]
[White "Csonka, Balazs"]
[Black "Paravyan, David"]
[WhiteFideId "742910"]
[BlackFideId "4194985"]
[WhiteElo "2404"]
[BlackElo "2569"]
[Result "1/2-1/2"]
[Round "02"]
[TimeControl "180+1"]
[Date "2022.02.15"]
[WhiteClock "0:00:07"]
[BlackClock "0:00:08"]

1. e4 e5 2. Nf3 Nf6 3. Nxe5 d6 4. Nf3 Nxe4 5. d4 d5 6. Bd3 Bd6 7. O-O O-O 8. c4 c6 9. Re1 Bf5 10. Qb3 Na6 11. Nbd2 Nxd2 12. Bxd2 Bxd3 13. Qxd3 dxc4 14. Qxc4 Nc7 15. Re2 Re8 16. Rae1 Rxe2 17. Qxe2 Qd7 18. Ne5 Bxe5 19. dxe5 Ne6 20. Bc3 Rd8 21. Qe3 c5 22. f4 Nd4 23. Bxd4 Qxd4 24. Re2 Qxe3+ 25. Rxe3 g6 26. Kf2 Rd2+ 27. Re2 Rd4 28. Ke3 Kf8 29. Rd2 Ra4 30. b3 Rb4 31. g3 a5 32. Rd7 b6 33. Rb7 h5 34. h3 a4 35. bxa4 Rxa4 36. Rxb6 Rxa2 37. Rc6 Rc2 38. g4 h4 39. f5 gxf5 40. gxf5 Rc3+ 41. Kf4 Rxh3 42. Rxc5 Rh1 43. f6 Kg8 44. Rc8+ Kh7 45. Rf8 Kg6 46. Rg8+ Kh6 47. Rh8+ Kg6 48. Rg8+ Kh6 49. Rg7 Rf1+ 50. Kg4 Rg1+ 51. Kxh4 Rxg7 52. fxg7 Kxg7 53. Kg5 Kg8 54. Kf6 Kf8 55. e6 fxe6 56. Kxe6 1/2-1/2


[Site "https://www.chess.com"]

[Event "Titled Tuesday Blitz February 15 Early 2022"]
[White "Davtyan, Artur"]
[Black "Bettalli, Francesco"]
[WhiteFideId "13308327"]
[BlackFideId "2816453"]
[WhiteElo "2311"]
[BlackElo "2216"]
[Result "1-0"]
[Round "02"]
[TimeControl "180+1"]
[Date "2022.02.15"]
[WhiteClock "0:02:13"]
[BlackClock "0:02:18"]

1. d4 Nf6 2. c4 c5 3. d5 b5 4. cxb5 a6 5. bxa6 g6 6. Nc3 Bg7 7. e4 Qa5 8. Bd2 O-O 9. Nf3 Bxa6 10. Be2 Bxe2 11. Qxe2 Qa6 12. a4 e6 13. dxe6 fxe6 14. Nb5 Nc6 15. O-O Rfb8 16. Bc3 d5 17. exd5 Nxd5 18. Qxe6+ 1-0


[Site "https://www.chess.com"]

[Event "Titled Tuesday Blitz February 15 Early 2022"]
[White "Delorme, Alban"]
[Black "Nguyen Hong Nhung"]
[WhiteFideId "623636"]
[BlackFideId "12412201"]
[WhiteElo "2197"]
[BlackElo "1661"]
[Result "0-1"]
[Round "02"]
[TimeControl "180+1"]
[Date "2022.02.15"]
[WhiteClock "0:00:51"]
[BlackClock "0:01:21"]

1. e4 c5 2. Nf3 e6 3. c3 Nf6 4. e5 Nd5 5. d4 cxd4 6. Bc4 d6 7. Bxd5 exd5 8. Qxd4 Be6 9. exd6 Nc6 10. Qa4 Bxd6 11. Bf4 O-O 12. Bxd6 Qxd6 13. O-O Rfe8 14. Nbd2 Bd7 15. Qh4 Re6 16. Nd4 Rh6 17. Qg3 Qf6 18. Nxc6 Bxc6 19. Nf3 Rg6 20. Qh3 d4 21. Nh4 Qxh4 22. Qxh4 Rxg2+ 23. Kh1 Rxf2+ 24. Kg1 Rg2+ 25. Kh1 Rg4+ 26. Rf3 Bxf3# 0-1


[Site "https://www.chess.com"]

[Event "Titled Tuesday Blitz February 15 Early 2022"]
[White "Demchenko, Anton"]
[Black "Shtyka, Sergey"]
[WhiteFideId "4160258"]
[BlackFideId "4138465"]
[WhiteElo "2539"]
[BlackElo "2014"]
[Result "0-1"]
[Round "02"]
[TimeControl "180+1"]
[Date "2022.02.15"]
[WhiteClock "0:00:15"]
[BlackClock "0:00:39"]

1. e4 c5 2. Nf3 d6 3. d4 cxd4 4. Nxd4 Nf6 5. Nc3 g6 6. f3 Bg7 7. Be3 O-O 8. Qd2 Nc6 9. O-O-O d5 10. Nxc6 bxc6 11. Bc4 Be6 12. Bb3 a5 13. Bh6 Qb6 14. Bxg7 Kxg7 15. exd5 cxd5 16. Na4 Qc7 17. g4 Rac8 18. Kb1 Rfd8 19. Qd4 Kg8 20. h4 h5 21. Rhg1 Qh2 22. gxh5 Nxh5 23. Rg5 Qf4 24. Qxf4 Nxf4 25. Rd4 f6 26. Rxf4 fxg5 27. hxg5 Rf8 28. Rd4 Rxf3 29. a3 Rf5 30. Nb6 Rc5 31. Na4 Rc7 32. Nc3 Rxg5 33. Nxd5 Bxd5 34. Bxd5+ Kg7 35. c4 Rd7 36. Re4 Rg1+ 37. Ka2 g5 38. Kb3 Rc7 39. Ka4 g4 40. Kxa5 g3 41. Rg4+ Kf6 42. b4 e6 43. Ba8 Ra7+ 44. Kb5 Rxa8 45. a4 Kf7 46. a5 Rg8 47. Rf4+ Ke7 48. a6 g2 49. Rf2 Ra1 50. Rxg2 Rxg2 51. Kb6 Rga2 52. b5 e5 53. c5 e4 54. c6 e3 55. c7 Rc2 56. Kb7 e2 57. b6 e1=Q 58. a7 Qe4+ 59. Kb8 Qc6 0-1


[Site "https://www.chess.com"]

[Event "Titled Tuesday Blitz February 15 Early 2022"]
[White "Dew, Brian"]
[Black "Arngrimsson, Dagur"]
[WhiteFideId "6000495"]
[BlackFideId "2301288"]
[WhiteElo "2118"]
[BlackElo "2286"]
[Result "1-0"]
[Round "02"]
[TimeControl "180+1"]
[Date "2022.02.15"]
[WhiteClock "0:00:10"]
[BlackClock "0:00:30"]

1. b3 Nf6 2. Bb2 g6 3. g3 Bg7 4. c4 O-O 5. Bg2 d5 6. cxd5 Nxd5 7. Bxg7 Kxg7 8. Nf3 c5 9. O-O b6 10. d4 cxd4 11. Qxd4+ Kg8 12. Rd1 e6 13. e4 Nc6 14. Qa4 Ncb4 15. exd5 Nc2 16. Nc3 Nxa1 17. Rxa1 Bb7 18. Rd1 Rc8 19. Qxa7 exd5 20. Qxb7 Rxc3 21. Nd4 Qf6 22. Nf3 Rxf3 23. Bxf3 Qxf3 24. Qxd5 Qe2 25. Qd2 Qg4 26. Re1 Ra8 27. a4 Qf3 28. Qe3 Qf6 29. Qe5 Qc6 30. Qe4 Qc8 31. Qb4 Rb8 32. Re7 Qc1+ 33. Kg2 Qc6+ 34. Qe4 Qc8 35. Qf4 Qc6+ 36. Qf3 Qxf3+ 37. Kxf3 b5 38. a5 Ra8 39. b4 Rc8 40. Rb7 Rc3+ 41. Kg2 h5 42. Rxb5 Kg7 43. a6 Ra3 44. Rb6 Ra4 45. b5 h4 46. gxh4 g5 47. hxg5 Rg4+ 48. Kf3 Rxg5 49. Rb7 Rf5+ 50. Kg2 Rf6 51. a7 Rg6+ 52. Kf1 Ra6 53. b6 Ra1+ 54. Kg2 Ra2 55. Rb8 Rd2 56. a8=Q Rd6 57. Qb7 Rg6+ 58. Kf1 Re6 59. Qc8 Rf6 60. Qg8+ Kh6 61. Qh8+ Kg5 62. Qxf6+ Kxf6 63. Rc8 Kg5 64. Rc7 Kf4 65. Rxf7+ Kg5 66. b7 Kh4 67. Rf8 Kh3 68. b8=Q Kg4 69. Qc7 Kh3 70. Qg7 Kh4 71. Rh8# 1-0


[Site "https://www.chess.com"]

[Event "Titled Tuesday Blitz February 15 Early 2022"]
[White "Dilmukhametov, Artur"]
[Black "Vargas Pereda, Jesus Manue"]
[WhiteFideId "24179922"]
[BlackFideId "5115710"]
[WhiteElo "2266"]
[BlackElo "1761"]
[Result "1/2-1/2"]
[Round "02"]
[TimeControl "180+1"]
[Date "2022.02.15"]
[WhiteClock "0:01:42"]
[BlackClock "0:01:22"]

1. d4 Nf6 2. c4 e5 3. dxe5 Ng4 4. Nf3 Bc5 5. e3 Nc6 6. Nc3 Qe7 7. b3 Ngxe5 8. Nxe5 Qxe5 9. Bb2 Bb4 10. Qc2 O-O 11. Be2 d6 12. O-O Qg5 13. Ne4 Qg6 14. Bd3 Bf5 15. Rad1 Rae8 16. Ng3 Bxd3 17. Qxd3 Qxd3 18. Rxd3 a5 19. Rfd1 Ne5 20. Bxe5 Rxe5 21. h3 Rfe8 22. Rd5 Bc5 23. Rxe5 Rxe5 24. Rd5 f6 25. Kf1 Kf7 26. Ke2 c6 27. Rxe5 dxe5 28. f4 Ke6 29. f5+ Kf7 30. e4 Ke7 31. Nf1 Kd6 1/2-1/2


[Site "https://www.chess.com"]

[Event "Titled Tuesday Blitz February 15 Early 2022"]
[White "Djokic, Mihailo"]
[Black "Nguyen, Ngoc Truong Son"]
[WhiteFideId "976440"]
[BlackFideId "12401110"]
[WhiteElo "2008"]
[BlackElo "2596"]
[Result "1-0"]
[Round "02"]
[TimeControl "180+1"]
[Date "2022.02.15"]
[WhiteClock "0:00:04"]
[BlackClock "0:00:07"]

1. e4 c5 2. Nf3 d6 3. d4 cxd4 4. Nxd4 Nf6 5. Nc3 Nc6 6. Bg5 Bd7 7. Qd2 h6 8. Bxf6 gxf6 9. O-O-O h5 10. Kb1 a6 11. Bc4 e6 12. Rhe1 Be7 13. f4 b5 14. Bb3 Qb6 15. Nf5 exf5 16. Nd5 Qd8 17. exf5 Bxf5 18. Nxf6+ Kf8 19. Qd5 Bg6 20. Qxc6 Rc8 21. Qxa6 Bxf6 22. Rxd6 Qc7 23. Rxf6 Bxc2+ 24. Ka1 Bxb3 25. axb3 Kg7 26. Qd6 Rhe8 27. Rg6+ fxg6 28. Qxc7+ Rxc7 29. Rxe8 Rc2 30. Re5 Rxg2 31. Rxb5 Rxh2 32. Rb7+ Kf6 33. b4 h4 34. b5 Rf2 35. b6 Rxf4 36. Rh7 Rb4 37. b7 g5 38. Ka2 Kg6 39. Ka3 Rb6 40. Rc7 Kf5 41. Rc5+ Kf4 42. Rc4+ Kf3 43. Rb4 Rxb7 44. Rxb7 h3 45. Rf7+ Kg3 46. b4 h2 47. Rh7 g4 48. b5 Kg2 49. b6 g3 50. b7 h1=Q 51. Rxh1 Kxh1 52. b8=Q g2 53. Qh8+ 1-0


[Site "https://www.chess.com"]

[Event "Titled Tuesday Blitz February 15 Early 2022"]
[White "Domingo Nunez, Alejandro"]
[Black "Pichot, Alan"]
[WhiteFideId "22245561"]
[BlackFideId "110973"]
[WhiteElo "2215"]
[BlackElo "2543"]
[Result "0-1"]
[Round "02"]
[TimeControl "180+1"]
[Date "2022.02.15"]
[WhiteClock "0:00:12"]
[BlackClock "0:00:12"]

1. c4 e5 2. Nc3 Nf6 3. g3 Bb4 4. Bg2 Bxc3 5. bxc3 d6 6. d3 O-O 7. Rb1 c6 8. Ba3 Re8 9. e4 d5 10. cxd5 cxd5 11. exd5 e4 12. Ne2 Bg4 13. Rb2 Qxd5 14. O-O Bf3 15. Bxf3 exf3 16. Nf4 Qc6 17. d4 Qxc3 18. Rb3 Qc4 19. Qxf3 Nc6 20. Rc1 Qa6 21. Bb2 Rad8 22. d5 Ne5 23. Bxe5 Rxe5 24. Nd3 Re7 25. d6 Qxd6 26. Nc5 Rc8 27. Rd3 Qb6 28. Rb3 Qc6 29. Qf5 g6 30. Qb1 Rec7 31. Nd3 Qxc1+ 0-1


[Site "https://www.chess.com"]

[Event "Titled Tuesday Blitz February 15 Early 2022"]
[White "Dovbnia, Nikita"]
[Black "Andreikin, Dmitry"]
[WhiteFideId "54104599"]
[BlackFideId "4158814"]
[WhiteElo "2111"]
[BlackElo "2736"]
[Result "0-1"]
[Round "02"]
[TimeControl "180+1"]
[Date "2022.02.15"]
[WhiteClock "0:00:49"]
[BlackClock "0:02:38"]

1. Nf3 Nf6 2. g3 d5 3. Bg2 c6 4. O-O Bf5 5. d3 h6 6. c4 e6 7. Bf4 Nbd7 8. Nc3 Be7 9. Nd2 O-O 10. e4 dxe4 11. dxe4 Bh7 12. Qe2 e5 13. Be3 Bc5 14. Rad1 Qe7 15. Nb3 Bxe3 16. Qxe3 Rfd8 17. Rd2 Nb6 18. Qe2 Rxd2 19. Nxd2 Qb4 20. Rb1 Na4 21. Nxa4 Qxa4 22. Nf3 Bxe4 23. Nxe5 Bxb1 0-1


[Site "https://www.chess.com"]

[Event "Titled Tuesday Blitz February 15 Early 2022"]
[White "Dreev, Aleksey"]
[Black "Viani Antonio Dcunha"]
[WhiteFideId "4100107"]
[BlackFideId "5027330"]
[WhiteElo "2636"]
[BlackElo "2366"]
[Result "0-1"]
[Round "02"]
[TimeControl "180+1"]
[Date "2022.02.15"]
[WhiteClock "0:00:09"]
[BlackClock "0:00:18"]

1. d4 Nf6 2. Nf3 g6 3. Bf4 Bg7 4. e3 O-O 5. Be2 d6 6. O-O Nbd7 7. h3 b6 8. c4 Bb7 9. Nc3 Ne4 10. Nxe4 Bxe4 11. Bh2 e5 12. d5 a5 13. Nd2 Nc5 14. Nxe4 Nxe4 15. Rc1 f5 16. b3 Qh4 17. Qc2 Ng5 18. Rfe1 f4 19. exf4 exf4 20. Bg4 h5 21. Be6+ Kh7 22. Qd3 f3 23. Bg3 Qd4 24. Qxd4 Bxd4 25. Bh4 Bf6 26. g3 Nxh3+ 27. Bxh3 g5 28. Bxg5 Bxg5 29. Rcd1 a4 30. b4 a3 31. Rd3 Ra4 32. Rb1 Kg6 33. Rbb3 h4 34. Bd7 Raa8 35. Rxf3 Rxf3 36. Rxf3 hxg3 37. Rxg3 Kf6 38. Rf3+ Ke7 39. Be6 Bf6 40. Kf1 Ra4 41. Rb3 Bb2 42. Ke2 Ra8 43. Rf3 Rf8 44. Rh3 Rh8 45. Rg3 Rh4 46. Bg4 Rh1 47. Re3+ Kf7 48. Be6+ Kf8 49. Rf3+ Ke8 50. Rf7 Ra1 51. Rxc7 Rxa2 52. c5 bxc5 53. bxc5 Bd4+ 54. Kd3 Bxc5 55. Ra7 Bxa7 0-1


[Site "https://www.chess.com"]

[Event "Titled Tuesday Blitz February 15 Early 2022"]
[White "Dubov, Daniil"]
[Black "Havlik, Jan"]
[WhiteFideId "24126055"]
[BlackFideId "319783"]
[WhiteElo "2791"]
[BlackElo "2372"]
[Result "1-0"]
[Round "02"]
[TimeControl "180+1"]
[Date "2022.02.15"]
[WhiteClock "0:02:47"]
[BlackClock "0:02:37"]

1. d4 Nf6 2. Nf3 g6 3. c4 Bg7 4. Nc3 d6 5. Bg5 O-O 6. e3 c5 7. Be2 Nc6 8. d5 Ne5 9. Nxe5 dxe5 10. O-O Ne8 11. e4 Nd6 12. Be3 b6 13. a3 a5 14. Rb1 f5 15. f3 f4 16. Bf2 g5 17. b4 axb4 18. axb4 Qc7 19. bxc5 bxc5 20. Nb5 Qa5 21. Ra1 1-0


[Site "https://www.chess.com"]

[Event "Titled Tuesday Blitz February 15 Early 2022"]
[White "Dushyant Sharma"]
[Black "Khoroshev, Nikita"]
[WhiteFideId "25065130"]
[BlackFideId "14200287"]
[WhiteElo "2012"]
[BlackElo "2354"]
[Result "1/2-1/2"]
[Round "02"]
[TimeControl "180+1"]
[Date "2022.02.15"]
[WhiteClock "0:00:05"]
[BlackClock "0:00:13"]

1. e4 e5 2. Nf3 Nc6 3. Nc3 Nf6 4. Bb5 Bd6 5. d3 h6 6. h3 a6 7. Ba4 b5 8. Bb3 Na5 9. Be3 c5 10. Qd2 Nxb3 11. axb3 Bb7 12. g4 Qc7 13. Nh4 Bf8 14. f4 d5 15. fxe5 Qxe5 16. Bf4 Qe6 17. O-O-O O-O-O 18. exd5 Nxd5 19. Rhe1 Qf6 20. Nxd5 Bxd5 21. g5 Qc6 22. gxh6 gxh6 23. Re3 Rg8 24. Rde1 Be6 25. Qa5 Bd6 26. Bxd6 Qxd6 27. Nf3 Kb7 28. Ne5 Rg2 29. Kb1 Qc7 30. Qc3 b4 31. Nxf7 bxc3 32. Nxd8+ Qxd8 33. Rxe6 Rg7 34. bxc3 Qh4 35. R1e3 Rd7 36. R6e4 Qf2 37. Kb2 h5 38. Re5 h4 39. Re2 Qg3 40. R2e3 Qg1 41. Re1 Qf2 42. R1e2 Qf8 43. R2e4 Rh7 44. Re8 Qf6 45. R8e6 Qf5 46. Re3 Rg7 47. R6e5 Qc8 48. R3e4 Qxh3 49. Rxc5 Qg3 50. Rb4+ Ka7 51. Rh5 h3 52. Rbh4 Qf2 53. Rxh3 Rg2 54. Rh7+ Kb6 55. R3h6+ Kc5 56. Rh5+ Kd6 57. R7h6+ Ke7 58. Rh7+ Kf6 59. R7h6+ Rg6 60. Rxg6+ Kxg6 61. Ra5 Qb6 62. b4 Kf6 63. d4 Ke6 64. Kb3 Kd6 65. Rh5 Qb7 66. Rh6+ Kd5 67. Rh5+ Ke4 68. Re5+ Kf4 69. c4 Qd7 70. c3 Qh7 71. c5 Qd3 72. c6 Qg6 73. Rc5 Qb1+ 74. Kc4 Qa2+ 75. Kd3 Qb1+ 76. Kc4 Qa2+ 77. Kd3 Kf3 78. Rf5+ Kg4 79. Re5 Qb1+ 80. Kc4 Qa2+ 81. Kc5 Qa4 82. Kd6 Qb3 83. c7 Qxc3 84. Rc5 Qxd4+ 85. Kc6 Qe4+ 86. Kd7 Qb7 87. Kd8 Qb6 88. Rc4+ Kf5 89. Rc5+ Ke6 90. Rc6+ Qxc6 91. c8=Q+ Kd6 92. Qxc6+ Kxc6 93. Kc8 Kb6 94. Kb8 Kb5 95. Kb7 Kxb4 96. Kxa6 1/2-1/2


[Site "https://www.chess.com"]

[Event "Titled Tuesday Blitz February 15 Early 2022"]
[White "Dvirnyy, Danyyil"]
[Black "Zheenbekov, Nurgazy"]
[WhiteFideId "817570"]
[BlackFideId "13800485"]
[WhiteElo "2546"]
[BlackElo "1959"]
[Result "1-0"]
[Round "02"]
[TimeControl "180+1"]
[Date "2022.02.15"]
[WhiteClock "0:01:30"]
[BlackClock "0:00:19"]

1. e4 e5 2. Nf3 Nc6 3. c3 d5 4. Qa4 dxe4 5. Nxe5 Bd7 6. Nxd7 Qxd7 7. Bb5 Nf6 8. O-O a6 9. d3 O-O-O 10. Bxc6 Qxc6 11. Qxc6 bxc6 12. d4 c5 13. Be3 cxd4 14. Bxd4 c5 15. Bxf6 gxf6 16. Na3 f5 17. Rae1 Bh6 18. Nc4 Rhe8 19. f3 e3 20. f4 e2 21. Rf3 Kc7 22. g3 Re4 23. b3 Bg7 24. Kf2 Rd1 25. Rxe2 Rxe2+ 26. Kxe2 Ra1 27. a4 Rb1 28. Nd2 Rh1 29. Nf1 c4 30. bxc4 Bf8 31. Re3 Bc5 32. Re5 Kc6 33. Rxf5 Rg1 34. Rf6+ Kd7 35. Rxf7+ Ke6 36. Rxh7 Rg2+ 37. Kd3 1-0


[Site "https://www.chess.com"]

[Event "Titled Tuesday Blitz February 15 Early 2022"]
[White "Dzhaparov, Medet"]
[Black "Varney, Zoe"]
[WhiteFideId "13803689"]
[BlackFideId "436135"]
[WhiteElo "1702"]
[BlackElo "1808"]
[Result "0-1"]
[Round "02"]
[TimeControl "180+1"]
[Date "2022.02.15"]
[WhiteClock "0:01:03"]
[BlackClock "0:00:42"]

1. e4 e5 2. Nf3 Nc6 3. d4 exd4 4. Nxd4 Nf6 5. Nc3 Bb4 6. Nxc6 bxc6 7. Bd3 d5 8. exd5 O-O 9. O-O Bg4 10. f3 Bh5 11. dxc6 Qd4+ 12. Kh1 Bxc3 13. bxc3 Qxc3 14. Rb1 Rab8 15. Rxb8 Rxb8 16. Bg5 h6 17. Bxf6 Qxf6 18. Be4 Rb2 19. Qd5 Bg6 20. Qa5 Bxe4 21. Qxc7 Bxc6 22. Qxa7 Rxc2 23. a4 Ra2 24. a5 Ra1 25. Rg1 Bxf3 26. Qb8+ Kh7 27. Qb6 Qxb6 28. axb6 Rxg1+ 29. Kxg1 Bb7 30. Kf2 Kg6 31. Ke3 Kf6 32. Kd4 Ke6 33. Kc5 Bxg2 34. Kb5 Bb7 35. Kc5 f5 36. Kd4 Kd6 37. Ke3 Kc6 38. Kf4 g6 39. h4 Bc8 40. b7 Kxb7 41. Ke5 Kc6 0-1


[Site "https://www.chess.com"]

[Event "Titled Tuesday Blitz February 15 Early 2022"]
[White "Eynullayev, Altay"]
[Black "Allahverdiyeva, Ayan"]
[WhiteFideId "13413562"]
[BlackFideId "13412590"]
[WhiteElo "2079"]
[BlackElo "1910"]
[Result "0-1"]
[Round "02"]
[TimeControl "180+1"]
[Date "2022.02.15"]
[WhiteClock "0:00:15"]
[BlackClock "0:00:15"]

1. e4 c5 2. Nf3 d6 3. d4 cxd4 4. Nxd4 Nf6 5. Nc3 a6 6. Be2 e6 7. Be3 Be7 8. g4 Nfd7 9. h4 b5 10. a3 Bb7 11. g5 Nc6 12. Nxc6 Bxc6 13. Qd4 O-O 14. O-O-O Rb8 15. Rhg1 a5 16. b4 axb4 17. axb4 Ra8 18. h5 e5 19. Qd2 d5 20. Nxd5 Bxd5 21. exd5 Ra2 22. d6 Qa8 23. Qd3 Bd8 24. g6 Nb6 25. gxf7+ Rxf7 26. Qb3 Ra3 27. Rxg7+ Kxg7 28. Rg1+ Bg5 29. Qb2 Ra1+ 30. Kd2 Qd5+ 31. Bd3 Nc4+ 32. Ke2 Nxb2 33. Rxg5+ Kf8 34. Rg3 Nxd3 35. Bh6+ Ke8 36. Rxd3 Qe4+ 37. Be3 Qg4+ 38. Kd2 Rd1+ 39. Kc3 Qc4+ 40. Kb2 Rxd3 41. cxd3 Qxd3 0-1


[Site "https://www.chess.com"]